 Dungeon Crawl Stone Soup version 0.31-a0-219-g8d62b2e7bb (webtiles) character file.

Game seed: 11960409891033411001

1787 BlueFish the Charlatan (level 8, -1/70 HPs)
             Began as a Red Draconian Artificer on July 4, 2023.
             Was an Initiate of Vehumet.
             Slain by an orc warrior
             ... wielding a +0 glaive
              (11 damage)
             ... on level 6 of the Dungeon.
             The game lasted 00:16:37 (6132 turns).

BlueFish the Charlatan (Red Draconian Artificer)    Turns: 6132, Time: 00:16:37

Health: -1/70      AC:  9    Str: 21    XL:     8   Next: 82%
Magic:  19/19      EV: 14    Int: 14    God:    Vehumet [......]
Gold:   264        SH:  0    Dex: 15    Spells: 10/10 levels left

rFire   + . .        B - +0 whip (holy)
rCold   . . .        (no shield)
rNeg    . . .        (body armour unavailable)
rPois   .            k - +2 hat
rElec   .            (no cloak)
rCorr   .            i - +0 pair of gloves
SInv    .            (no boots)
Will    .....        e - amulet of regeneration
Stlth   +++          s - +6 ring of strength
HPRegen 1.11/turn    x - ring "Qopynif" {MP+9 Dex+4}
MPRegen 0.16/turn

%: no passive effects
@: short of breath
A: breathe fire, AC +6, unfitting armour, fire resistance 1, cold-blooded
a: Breathe Fire, Renounce Religion


You were on level 6 of the Dungeon.
You worshipped Vehumet.
Vehumet was noncommittal.
You visited 2 branches of the dungeon, and saw 7 of its levels.

You collected 264 gold pieces.

Inventory:

Hand Weapons
 a - a +0 club
 q - a +0 whip
 B - a +0 whip of holy wrath (weapon)
Armour
 i - a +0 pair of gloves (worn)
 k - a +2 hat (worn)
Jewellery
 e - an amulet of regeneration (around neck)
 s - a +6 ring of strength (left hand)
 x - the ring "Qopynif" (right hand) {MP+9 Dex+4}
   (You found it on level 3 of the Dungeon)

   [ring of magical power]

   Dex:       It affects your dexterity (+4).
   MP:        It affects your magic capacity (+9).
 D - a ring of flight
Wands
 b - a wand of flame (15) (quivered)
 c - a wand of charming (15)
 d - a wand of iceblast (5)
 t - a wand of mindburst (4)
Scrolls
 f - 5 scrolls of identify {unknown}
 h - a scroll of fear {unknown}
 l - 3 scrolls of teleportation {unknown}
 m - a scroll of blinking {unknown}
 n - 5 scrolls of noise {unknown}
 o - 2 scrolls of enchant weapon {unknown}
 r - a scroll of brand weapon {unknown}
 y - a scroll of torment {unknown}
 E - a scroll of poison {unknown}
Potions
 g - 2 potions of enlightenment {unknown}
 j - a potion of cancellation {unknown}
 p - a potion of mutation {unknown}
 u - 2 potions of haste {unknown}
 v - a potion of curing {unknown}
 w - a potion of attraction {unknown}
 z - a potion of berserk rage {unknown}
 A - a potion of might {unknown}
 C - 2 potions of lignification {unknown}
 F - a potion of degeneration {unknown}


   Skills:
 + Level 5.9 Fighting
 + Level 2.0 Maces & Flails
 + Level 5.4 Dodging
 + Level 5.4 Stealth
 + Level 1.8 Spellcasting
 + Level 6.1 Evocations


You had 10 spell levels left.
You didn't know any spells.
Your spell library contained the following spells:

 Spells                   Type           Power      Damage    Failure   Level
 Apportation              Tloc           2%         N/A       24%         1
 Necrotise                Necr           4%         1d4       24%         1
 Sandblast                Erth           2%         2d4       24%         1
 Summon Small Mammal      Summ           4%         N/A       24%         1
 Passwall                 Tmut/Erth      0%         N/A       36%         2
 Hailstorm                Conj/Ice       1%         3d3       58%         3
 Stone Arrow              Conj/Erth      2%         3d7       58%         3
 Vampiric Draining        Necr           1%         2d6       58%         3
 Ice Form                 Ice/Tmut       1%         N/A       94%         4
 Leda's Liquefaction      Hex/Erth       0%         N/A       94%         4
 Agony                    Necr           1%         N/A       100%        5
 Simulacrum               Ice/Necr       0%         N/A       100%        6
 Shatter                  Erth           0%         3d5*      100%        9


Dungeon Overview and Level Annotations

Branches:
Dungeon (6/15)             Temple (1/1) D:5

Altars:
Ashenzari
Cheibriados
Dithmenos
Elyvilon
Fedhas
Gozag
Hepliaklqana
Makhleb
Nemelex Xobeh
Okawaru
Qazlal
Ru
Sif Muna
Trog
Uskayaw
Vehumet
Wu Jian
Xom
Yredelemnul
Zin
The Shining One

Shops:
D:2 :   D:4 (   D:5 [

Annotations:
D:5 1 runed translucent door, Iich's ghost, amateur DsFi


Innate Abilities, Weirdness & Mutations

You can breathe blasts of fire.
Your fiery red scales are hard. (AC +6)
You cannot fit into any form of body armour.
Your flesh is heat resistant. (rF+)
You are cold-blooded and may be slowed by cold attacks.


Message History

You hit the orc warrior.
Your tail-slap misses the orc warrior.
The orc warrior is severely wounded.
The orc warrior hits you with a +0 glaive!
You barely miss the orc warrior.
You tail-slap the orc warrior, but do no damage.
The orc warrior is severely wounded.
The orc warrior barely misses you.
You closely miss the orc warrior.
You tail-slap the orc warrior, but do no damage.
The orc warrior is severely wounded.
The orc warrior misses you.
You hit the orc warrior but do no damage.
You tail-slap the orc warrior.
The orc warrior is severely wounded.
The orc warrior hits you with a +0 glaive.
You closely miss the orc warrior.
The orc warrior is severely wounded.
The orc warrior closely misses you.
You hit the orc warrior but do no damage.
The orc warrior is severely wounded.
The orc warrior hits you with a +0 glaive!
You hit the orc warrior.
Your tail-slap misses the orc warrior.
The orc warrior is severely wounded.
The orc warrior barely misses you.
You hit the orc warrior but do no damage.
Your tail-slap misses the orc warrior.
The orc warrior is severely wounded.
The orc warrior hits you with a +0 glaive!
* * * LOW HITPOINT WARNING * * *
You closely miss the orc warrior.
The orc warrior is severely wounded.
The orc warrior closely misses you.
You hit the orc warrior but do no damage.
The orc warrior is severely wounded.
The orc warrior hits you with a +0 glaive!
* * * LOW HITPOINT WARNING * * *
The orc warrior attacks as you move away!
The orc warrior barely misses you.
The orc warrior hits you from afar with a +0 glaive!
You die...

.......#...# #....#
.......###.# #....#
.......# #.## #....#
.......# #..# ########.###
.......####.#####
#..........#
######..........#
##.......#.#
####...#...############.#.#
#.....+.o..............#.#
#.#...##..@##########..#.#
#.#...###..<>)....# #..#.#
# ##### #.#....#### #..#.#
..........# #..#.#
#.........#.# #).#
#.....###.#.......# #.....+
.>....#.## #.....# ######.#
#..... #.#


You could see an orc warrior.

Vanquished Creatures
  Sigmund (D:4)
  An orc warrior (D:5)
  2 black bears (D:5)
  An ice beast (D:5)
  4 ogres
  A centaur (D:6)
  A kobold brigand (D:6)
  A bullfrog (D:6)
  A scorpion (D:5)
  A howler monkey (D:6)
  A vampire bat (D:3)
  4 hounds
  A jelly (D:5)
  3 orc priests
  2 iguanas
  An orc wizard (D:6)
  Robin (D:4)
  13 adders
  An ufetubus (D:5)
  3 worms (D:2)
  12 orcs
  10 bats
  An endoplasm (D:4)
  2 giant cockroaches
  18 goblins
  17 hobgoblins
  7 jackals (D:4)
  6 quokkas
  7 ball pythons
  3 frilled lizards (D:2)
  9 kobolds
  4 rats
140 creatures vanquished.

Notes
Turn   | Place    | Note
-------+----------+-------------------------------------------
     0 | D:1      | BlueFish the Draconian Artificer began the quest for the
                  | Orb.
     0 | D:1      | Reached XP level 1. HP: 16/16 MP: 1/1
    44 | D:1      | Reached skill level 1 in Stealth
   151 | D:1      | Reached XP level 2. HP: 4/23 MP: 2/2
   661 | D:2      | Reached XP level 3. HP: 14/29 MP: 3/3
   769 | D:2      | Found an opulent altar of Gozag.
   944 | D:2      | Reached XP level 4. HP: 36/36 MP: 4/4
  1197 | D:2      | Found a faded altar of an unknown god.
  1217 | D:2      | Found Tuniera's Book Emporium.
  1677 | D:3      | Reached XP level 5. HP: 44/44 MP: 5/5
  1789 | D:3      | Identified the ring "Qopynif" {MP+9 Dex+4}
  1966 | D:3      | Reached skill level 4 in Evocations
  2232 | D:4      | Noticed Robin
  2323 | D:4      | Killed Robin
  2445 | D:4      | Found Zyigin's Weapon Shoppe.
  3299 | D:4      | Reached XP level 6. HP: 51/51 MP: 6/6
  3326 | D:4      | Noticed Sigmund
  3634 | D:5      | Entered Level 5 of the Dungeon
  3778 | D:5      | Noticed Iich's ghost (amateur DsFi)
  3779 | D:5      | Found a runed translucent door.
  4198 | D:5      | Noticed an orc warrior
  4290 | D:5      | Killed an orc warrior
  4291 | D:5      | Your scales start taking on a fiery red colour.
  4291 | D:5      | Reached XP level 7. HP: 10/59 MP: 7/7
  4291 | D:5      | Gained mutation: Your flesh is heat resistant. (rF+) [Red
                  | Draconian growth]
  4463 | D:4      | Killed Sigmund
  4464 | D:4      | Reached skill level 5 in Evocations
  4688 | D:5      | Found Zuehisch's Armour Boutique.
  4746 | D:5      | Reached skill level 5 in Fighting
  4759 | D:5      | Reached XP level 8. HP: 68/68 MP: 8/8
  4987 | D:5      | Found a staircase to the Ecumenical Temple.
  5007 | Temple   | Entered the Ecumenical Temple
  5062 | Temple   | Became a worshipper of Vehumet
  5349 | D:5      | Reached skill level 5 in Dodging
  5458 | D:5      | Reached skill level 5 in Stealth
  5699 | D:6      | Reached skill level 1 in Maces & Flails
  5699 | D:6      | Reached skill level 1 in Spellcasting
  5714 | D:6      | Got the Elucidation of the Ground
  5887 | D:6      | Reached skill level 6 in Evocations
  6132 | D:6      | Slain by an orc warrior

Illustrated notes

Levels and vault maps discovered:
D:1:      wander_arrival_estate, layout_rooms
D:2:      layout_rooms, serial_shops, nicolae_lakefront_shop,
          hellmonk_ecumenical_altar_heavens_door, basic_altar
D:3:      layout_loops_ring, roderic_batcave, kennysheep_boxes
D:4:      layout_layer_cave, nicolae_stop_n_shop_1, uniq_sigmund, uniq_robin
D:5:      layout_basic, minmay_temple_entry_statues_pillars,
          hellmonk_ghost_happy_afterlife, kennysheep_small_square
D:6:      layout_basic, minmay_strange_pillars, dk_noncrumbling_3
Temple:   kilobyte_greek_temple

Skill      XL: |  1  2  3  4  5  6  7  8 |
---------------+-------------------------+-----
Stealth        | 1 2 3 4 5 |  5.4
Fighting       | 2 3 4 5 |  5.9
Dodging        | 3 4 5 |  5.4
Evocations     | 4 5 6 |  6.1
Maces & Flails | 2 |  2.0
Spellcasting   | 1 |  1.8

Action                     |  1- 3 |  4- 6 |  7- 9 || total
---------------------------+-------+-------+-------++-------
  Melee: Club              |   179 |    36 |       ||   215
         Tailslap          |    21 |    36 |    41 ||    98
         Punch             |     2 |     4 |     4 ||    10
         Whip              |       |   387 |   201 ||   588
Ability: Breathe Fire      |       |       |    13 ||    13
  Evoke: Wand              |       |     1 |       ||     1
   Stab: Sleeping          |     1 |     7 |     2 ||    10
 Armour: Skin              |    93 |   231 |    63 ||   387
  Dodge: Dodged            |   166 |   342 |   176 ||   684

Table legend: (Time is in decaauts)
 A = Elapsed time spent in this place.
 B = Non-inter-level travel time spent in this place.
 C = Inter-level travel time spent in this place.
 D = Time resting spent in this place.
 E = Time spent auto-exploring this place.
 F = Levels seen in this place.
 G = Mean time per level.
                   A        B        C        D        E       F      G
               +--------+--------+--------+--------+--------+-----+--------+
         Total |   6283 |   5721 |    562 |     69 |   3588 |   7 |  897.6 |
       Dungeon |   6045 |   5532 |    513 |     69 |   3414 |   6 | 1007.5 |
        Temple |    237 |    188 |     49 |      0 |    174 |   1 |  237.0 |
               +--------+--------+--------+--------+--------+-----+--------+

Top non-repeatable levels by time:
     D:4: 1770 daAuts
     D:5: 1464 daAuts
     D:3: 939 daAuts
     D:2: 807 daAuts
     D:1: 672 daAuts
     D:6: 391 daAuts
  Temple: 237 daAuts
